 Dungeon Crawl Stone Soup version 0.29-a0-334-gb41bcbb86e (webtiles) character file.

Game seed: 136316819859143730

3210 Jortsu the Basher (level 9, 0/88 HPs)
             Began as a Troll Fighter on Apr 14, 2022.
             Was an Initiate of Yredelemnul.
             Slain by a killer bee (1 damage)
             ... on level 8 of the Dungeon.
             The game lasted 00:12:36 (6054 turns).

Jortsu the Basher (Troll Fighter)                   Turns: 6054, Time: 00:12:36

Health: 0/88       AC: 11    Str: 32    XL:     9   Next: 65%
Magic:  8/8        EV: 12    Int:  8    God:    Yredelemnul [......]
Gold:   429        SH:  0    Dex: 15    Spells: 8/8 levels left

rFire   . . .      SeeInvis +   o - +0 giant club
rCold   . . .      Faith    .   (shield currently unavailable)
rNeg    . . .      Spirit   .   m - +4 robe of Augmentation {Str+4 Int+4 Dex+4}
rPois   .          Reflect  .   (helmet restricted)
rElec   .          Harm     .   (no cloak)
rCorr   .          Rampage  .   (gloves unavailable)
Will    .....                   (boots unavailable)
Stlth   ++........              (no amulet)
HPRegen 1.04/turn               (no ring)
MPRegen 0.11/turn               (no ring)

@: mighty, lethally poisoned (0 -> -6)
A: large, unfitting armour, claws 3, regeneration 1, shaggy fur 2, tough skin 1,
iridescent scales 1, see invisible, screaming 1, MP-powered wands
a: Renounce Religion, Recall Undead Harvest


You were on level 8 of the Dungeon.
You worshipped Yredelemnul.
Yredelemnul was noncommittal.
You visited 1 branch of the dungeon, and saw 8 of its levels.

You collected 429 gold pieces.

Inventory:

Hand Weapons
 o - a +0 giant club (weapon)
Armour
 b - a +0 kite shield
 m - the +4 robe of Augmentation (worn) {Str+4 Int+4 Dex+4}
   (You found it on level 4 of the Dungeon)

   Str:       It affects your strength (+4).
   Int:       It affects your intelligence (+4).
   Dex:       It affects your dexterity (+4).
Jewellery
 d - a ring of ice
Wands
 l - a wand of polymorph (12)
 q - a wand of paralysis (7)
 r - a wand of acid (8)
Scrolls
 e - 4 scrolls of vulnerability
 h - 2 scrolls of silence
 k - 3 scrolls of amnesia
 p - 2 scrolls of blinking
 u - a scroll of fog
Potions
 a - 2 potions of ambrosia {unknown}
 f - a potion of cancellation
 g - 3 potions of attraction
 i - 3 potions of lignification
 j - 2 potions of brilliance
 n - 2 potions of curing
 s - 2 potions of flight


   Skills:
 + Level 5.3 Fighting
 + Level 8.1 Maces & Flails
 + Level 5.2 Dodging
 + Level 1.4 Stealth
 + Level 3.4 Shields
 + Level 5.4 Unarmed Combat


You had 8 spell levels left.
You didn't know any spells.
Your spell library contained the following spells:

 Spells                   Type           Power      Damage    Failure   Level
 Sting                    Tmut/Pois      0%         1d3       41%         1
 Blink                    Tloc           0%         N/A       54%         2
 Corpse Rot               Necr/Air       0%         N/A       54%         2
 Poisonous Vapours        Pois/Air       0%         N/A       54%         2
 Olgreb's Toxic Radiance  Pois           0%         N/A       99%         4
 Manifold Assault         Tloc           0%         N/A       100%        5
 Storm Form               Tmut/Air       0%         N/A       100%        7


Dungeon Overview and Level Annotations

Branches:
Dungeon (8/15)             Temple (0/1) D:4
   Lair: D:8-11

Altars:
Sif Muna
Yredelemnul

Annotations:
D:5 3 runed translucent doors, GordonOverkill's ghost, novice DEHu


Innate Abilities, Weirdness & Mutations

You are too large for most types of armour.
You have claws for hands.
Your natural rate of healing is unusually fast.
You are covered in thick fur. (AC +2)
You have tough skin. (AC +1)
You are partially covered in iridescent scales. (AC +2)
You have supernaturally acute eyesight. (SInv)
You occasionally shout uncontrollably at your foes.
You expend magic power (3 MP) to strengthen your wands.


Message History

The killer bee closely misses you. The killer bee stings you. x2
* * * LOW HITPOINT WARNING * * *
You are more poisoned.
The killer bee poisons you!
You feel very sick.
The killer bee stings you but does no damage.
The killer bee attacks as you move away!
The killer bee closely misses you.
You feel very sick. The killer bee barely misses you.
You barely miss the killer bee.
The killer bee is lightly wounded.
You feel very sick. The killer bee barely misses you.
The killer bee stings you.
* * * LOW HITPOINT WARNING * * *
The killer bee misses you. The killer bee closely misses you.
The killer bee stings you but does no damage.
The killer bee stings you.
* * * LOW HITPOINT WARNING * * *
You are lethally poisoned!
The killer bee poisons you!
It was a potion of curing.
You feel better. The killer bee misses you.
The killer bee stings you but does no damage.
The killer bee stings you!
* * * LOW HITPOINT WARNING * * *
You are poisoned.
The killer bee poisons you! The killer bee stings you.
* * * LOW HITPOINT WARNING * * *
You are lethally poisoned!
The killer bee poisons you!
You miss the killer bee.
The killer bee is lightly wounded.
* * * LOW HITPOINT WARNING * * *
You feel very sick.
The killer bee stings you but does no damage.
The killer bee closely misses you.
The killer bee stings you but does no damage.
The killer bee stings you.
You die...
Your body rises from the dead as a mindless zombie.

..### ###.##
.....###....####
PP...h..........
.....#.).## .#
P.P.......##.#
.P..##.##hl#.####.....
... ..P ...
##y#..........##.. .
....# #yy# .##..#.
..$...
##@#####.####..####
.P.#.#
#..##...##........
.....
#####....#.#.........
..#.#
#......###...........
#..###........).....).
... ##............).<
# #................
#................
#....>...........


You could see a komodo dragon, a black bear and 3 killer bees.

Vanquished Creatures
  A komodo dragon (D:8)
  Prince Ribbit (D:7)
  A shadow (D:7)
  Duvessa (D:7)
  An orc warrior (D:7)
  3 ice beasts
  2 sky beasts
  3 ogres
  2 black bears
  2 phantoms
  2 bullfrogs
  3 necrophages
  3 scorpions
  A wight (D:7)
  Dowan (D:7)
  3 jellies
  3 hounds
  A gnoll shaman (D:7)
  6 orc priests
  Crazy Yiuf (D:6)
  3 iguanas
  2 orc wizards
  A mummy (D:7)
  2 adders (D:5)
  12 gnolls
  An ufetubus (D:6)
  4 worms
  2 dart slugs
  14 orcs
  5 bats
  8 endoplasms
  8 giant cockroaches
  4 goblins
  5 hobgoblins
  3 quokkas
  6 ball pythons
  A frilled lizard (D:2)
  6 kobolds
  9 rats
137 creatures vanquished.

Vanquished Creatures (others)
  A bullfrog zombie (D:7)
  A spectral jelly (D:5)
  3 orc zombies
  A gnoll zombie (D:7)
  A kobold zombie (D:2)
  16 fungi
  17 plants
  A withered plant (D:7)
41 creatures vanquished.

Grand Total: 178 creatures vanquished

Notes
Turn   | Place    | Note
-------+----------+-------------------------------------------
     0 | D:1      | Jortsu the Troll Fighter began the quest for the Orb.
     0 | D:1      | Reached XP level 1. HP: 22/22 MP: 0/0
   174 | D:1      | Reached XP level 2. HP: 29/29 MP: 1/1
   857 | D:1      | Gained mutation: Your body sometimes deteriorates upon
                  | taking damage. [potion of mutation]
   857 | D:1      | Gained mutation: You are agile. (Dex +2) [potion of
                  | mutation]
   857 | D:1      | Gained mutation: Your magical capacity is low. (-10% MP)
                  | [potion of mutation]
   858 | D:1      | Lost mutation: Your magical capacity is low. (-10% MP)
                  | [potion of mutation]
   858 | D:1      | Lost mutation: Your body sometimes deteriorates upon taking
                  | damage. [potion of mutation]
   858 | D:1      | Gained mutation: You are frail. (-10% HP) [potion of
                  | mutation]
   858 | D:1      | Gained mutation: You are very frail. (-20% HP) [potion of
                  | mutation]
   858 | D:1      | Gained mutation: You have hidden genetic potential. [potion
                  | of mutation]
   910 | D:2      | Reached XP level 3. HP: 28/28 MP: 2/2
   930 | D:2      | Lost mutation: You are agile. (Dex +2) [potion of mutation]
   930 | D:2      | Lost mutation: You are very frail. (-20% HP) [potion of
                  | mutation]
   930 | D:2      | Gained mutation: You are partially covered in iridescent
                  | scales. (AC +2) [potion of mutation]
   930 | D:2      | Gained mutation: You expend magic power (3 MP) to
                  | strengthen your wands. [potion of mutation]
   930 | D:2      | Gained mutation: You occasionally shout uncontrollably at
                  | your foes. [potion of mutation]
   930 | D:2      | Gained mutation: You have supernaturally acute eyesight.
                  | (SInv) [potion of mutation]
   931 | D:2      | Found a basalt altar of Yredelemnul.
   946 | D:2      | Became a worshipper of Yredelemnul the Dark
  1025 | D:2      | Found a faded altar of an unknown god.
  1174 | D:2      | Gained mutation: You are covered in thick fur. (AC +2)
                  | [hidden potential]
  1214 | D:2      | Reached XP level 4. HP: 35/39 MP: 3/3
  1232 | D:2      | Reached * piety under Yredelemnul
  1238 | D:2      | Lost mutation: You are frail. (-10% HP) [hidden potential]
  1238 | D:2      | Lost mutation: You have hidden genetic potential. [hidden
                  | potential expressed]
  1524 | D:2      | Reached ** piety under Yredelemnul
  2318 | D:3      | Noticed an ogre
  2326 | D:3      | Killed an ogre
  2327 | D:3      | Reached XP level 5. HP: 53/53 MP: 4/4
  2451 | D:4      | Found the +4 robe of Augmentation {Str+4 Int+4 Dex+4}
  2514 | D:4      | You fall into a shaft and drop 2 floors!
  2555 | D:5      | Entered Level 5 of the Dungeon
  2589 | D:5      | Reached XP level 6. HP: 54/61 MP: 5/5
  2623 | D:5      | Noticed an ice beast
  2635 | D:5      | Killed an ice beast
  2636 | D:5      | Reached skill level 1 in Maces & Flails
  2636 | D:5      | Reached skill level 5 in Unarmed Combat
  2695 | D:5      | Found a runed translucent gate.
  2695 | D:5      | Found a runed translucent gate.
  2695 | D:5      | Found a runed translucent gate.
  2696 | D:5      | Noticed GordonOverkill's ghost (novice DEHu)
  2713 | D:5      | Reached XP level 7. HP: 60/67 MP: 6/6
  2767 | D:5      | Reached skill level 2 in Maces & Flails
  3032 | D:5      | Reached skill level 3 in Maces & Flails
  3077 | D:4      | Found a staircase to the Ecumenical Temple.
  3441 | D:5      | Reached skill level 4 in Maces & Flails
  3441 | D:5      | Reached XP level 8. HP: 26/78 MP: 7/7
  4543 | D:6      | Reached skill level 5 in Maces & Flails
  4543 | D:6      | Reached skill level 1 in Stealth
  4912 | D:6      | Found a runed translucent door.
  4913 | D:6      | Noticed Crazy Yiuf
  4917 | D:6      | Killed Crazy Yiuf
  5052 | D:7      | Reached skill level 6 in Maces & Flails
  5128 | D:7      | Found a shimmering blue altar of Sif Muna.
  5345 | D:7      | Noticed Duvessa
  5345 | D:7      | Noticed Dowan
  5355 | D:7      | Killed Duvessa
  5356 | D:7      | Reached XP level 9. HP: 50/85 MP: 8/8
  5367 | D:7      | Killed Dowan
  5638 | D:7      | Noticed Prince Ribbit
  5645 | D:7      | Killed Prince Ribbit
  5646 | D:7      | Reached skill level 7 in Maces & Flails
  5648 | D:7      | Reached *** piety under Yredelemnul
  5708 | D:7      | Reached skill level 5 in Fighting
  5856 | D:7      | Reached skill level 5 in Dodging
  6029 | D:8      | Noticed a komodo dragon
  6036 | D:8      | Killed a komodo dragon
  6037 | D:8      | Reached skill level 8 in Maces & Flails
  6043 | D:8      | Noticed a komodo dragon
  6054 | D:8      | HP: 1/88 [poisoned by a killer bee]
  6054 | D:8      | Slain by a killer bee

Illustrated notes

Levels and vault maps discovered:
D:1:      minmay_arrival_semitransparent, layout_loops_corners,
          minmay_misc_feat_iff, minmay_pentomino_w4
D:2:      layout_loops_ring, hellmonk_ecumenical_altar_arch_garden, basic_altar
D:3:      layout_basic, chequers_serial_rivers_micro_d
D:4:      layout_rooms, temple_hall
D:5:      layout_basic, gammafunk_ghost_nasty_kobolds
D:6:      layout_loops_ring, uniq_crazy_yiuf_cottage
D:7:      layout_loops_cross, led_sif_book, serial_undead, serial_undead_a,
          serial_undead_b, serial_undead_e, serial_undead_b, uniq_duvessa,
          uniq_prince_ribbit1
D:8:      layout_rooms, grunt_lair_entry_orc_guard_hut

Skill      XL: |  1  2  3  4  5  6  7  8  9 |
---------------+----------------------------+-----
Shields        | 3 |  3.4
Unarmed Combat | 3 4 5 |  5.4
Fighting       | 3 4 5 |  5.3
Dodging        | 3 4 5 |  5.2
Maces & Flails | 1 4 6 8 |  8.1
Stealth        | 1 |  1.4

Action                   |  1- 3 |  4- 6 |  7- 9 || total
-------------------------+-------+-------+-------++-------
Melee: Unarmed           |    93 |    52 |       ||   145
       Giant club        |       |    24 |   244 ||   268
  Use: Scroll            |     4 |     4 |     7 ||    15
       Potion            |     3 |       |     2 ||     5
 Stab: Sleeping          |       |       |     1 ||     1
       Distracted        |       |       |     1 ||     1
Armor: Robe              |    28 |    56 |   170 ||   254
Dodge: Dodged            |    31 |    30 |   234 ||   295
Block: Kite shield       |    34 |    15 |       ||    49

Table legend: (Time is in decaauts)
 A = Elapsed time spent in this place.
 B = Non-inter-level travel time spent in this place.
 C = Inter-level travel time spent in this place.
 D = Time resting spent in this place.
 E = Time spent auto-exploring this place.
 F = Levels seen in this place.
 G = Mean time per level.
                   A        B        C        D        E       F      G
               +--------+--------+--------+--------+--------+-----+--------+
         Total |   6165 |   6023 |    142 |    331 |   4258 |   8 |  770.6 |
       Dungeon |   6165 |   6023 |    142 |    331 |   4258 |   8 |  770.6 |
               +--------+--------+--------+--------+--------+-----+--------+

Top non-repeatable levels by time:
     D:5: 1394 daAuts
     D:7: 1045 daAuts
     D:1: 891 daAuts
     D:3: 846 daAuts
     D:6: 738 daAuts
     D:2: 664 daAuts
     D:4: 490 daAuts
     D:8: 94 daAuts
